 Dungeon Crawl Stone Soup version 0.20.1-1-g8b1a95d (webtiles) character file.

37465 Ijustatesigmund the Covert (level 13, -1/74 HPs)
             Began as a Spriggan Assassin on Sept 8, 2017.
             Was an Initiate of Gozag.
             Slain by a spiny frog (14 damage)
             ... on level 5 of the Lair of Beasts on Sept 12, 2017.
             The game lasted 01:08:16 (26553 turns).

Ijustatesigmund the Covert (Spriggan Assassin)     Turns: 26553, Time: 01:08:17

Health: -1/74      AC:  7    Str:  7    XL:     13   Next: 58%
Magic:  12/12      EV: 31    Int: 12    God:    Gozag
Gold:   2281       SH: 17    Dex: 23    Spells: 19/22 levels left

rFire    . . .     SeeInvis +   t - +4 dagger
rCold    . . .     Gourm    .   y - +2 buckler of Nemelex Xobeh {rElec rN++ MR+ MP-9}
rNeg     + + .     Faith    .   c - +0 robe
rPois    .         Spirit   .   C - +2 hat {SInv}
rElec    +         Reflect  +   d - +2 cloak
rCorr    +         Harm     .   (gloves unavailable)
MR       +++..                  (boots unavailable)
Stlth    ++++++....             z - +6 amulet of reflection
Regen    0.3/turn               s - ring of resist corrosion
MPRegen  0.2/turn               S - ring of wizardry

@: lethally poisoned (-1 -> -7), very quick
A: unfitting armour, see invisible, herbivore 3, speed 3, slow metabolism 2
a: Potion Petition, Call Merchant, Bribe Branch, Renounce Religion


You were on level 5 of the Lair of Beasts.
You worshipped Gozag.
Gozag was most pleased with you.
You were not hungry.

You visited 3 branches of the dungeon, and saw 19 of its levels.
You also visited: Labyrinth.

You collected 3575 gold pieces.
You spent 1258 gold pieces at shops.
You paid 36 gold pieces to Gozag.

Inventory:

Hand Weapons
 a - a +3 dagger of piercing
 m - a +2 dagger of flaming
 t - a +4 dagger (weapon)
 F - a +8 blowgun
 H - a +1 short sword of distortion
Missiles
 e - 28 poisoned needles
 p - a needle of sleeping
 Y - 2 curare-tipped needles
Armour
 c - a +0 robe (worn)
 d - a +2 cloak (worn)
 y - the +2 buckler of Nemelex Xobeh (worn) {rElec rN++ MR+ MP-9}
   (You found it on level 7 of the Dungeon)

   It insulates you from electricity.
   It greatly protects you from negative energy.
   It affects your resistance to hostile enchantments.
   It affects your magic capacity (-9).
 C - a +2 hat of see invisible (worn)
Jewellery
 i - an uncursed ring of ice
 s - a ring of resist corrosion (left hand)
 z - a +6 amulet of reflection (around neck)
 E - an uncursed amulet of faith
 K - an uncursed ring of protection from cold
 L - an uncursed ring of protection from magic
 S - a ring of wizardry (right hand)
 X - an uncursed ring of fire {unknown}
Wands
 b - a wand of flame (26/48)
 J - a wand of acid (3/15)
 O - a wand of digging (7/24)
 P - a wand of random effects (31/48)
 Q - a wand of paralysis (7/24)
 U - a wand of clouds (4/9)
 Z - a wand of confusion (19/48)
Scrolls
 j - 8 scrolls of teleportation
 k - a scroll of amnesia
 n - 2 scrolls of recharging
 u - 2 scrolls of enchant weapon
 v - 4 scrolls of fear
 w - 2 scrolls of magic mapping
 x - a scroll of immolation
 D - 4 scrolls of remove curse
 T - 3 scrolls of identify
 V - a scroll of enchant armour
 W - a scroll of blinking
Potions
 l - 4 potions of flight
 o - 5 potions of lignification
 q - 3 potions of curing
 A - a potion of haste
 B - 3 potions of heal wounds
 G - 4 potions of brilliance
 I - a potion of ambrosia
 M - a potion of cancellation
 N - a potion of magic
Books
 R - a book of Power

   Spells                             Type                      Level
   a - Iskenderun's Battlesphere      Conjuration/Charms           5
   b - Venom Bolt                     Conjuration/Poison           5
   c - Bolt of Magma                  Conjuration/Fire/Earth       5
   d - Iron Shot                      Conjuration/Earth            6
   e - Orb of Destruction             Conjuration                  7
   f - Spellforged Servitor           Conjuration/Summoning        7
Miscellaneous
 f - a phial of floods
Comestibles
 g - 8 bread rations
 h - 5 royal jellies
 r - 2 fruits


   Skills:
 + Level 11.7 Fighting
 + Level 10.2 Short Blades
 - Level 4.9 Throwing
 - Level 12.7 Dodging
 - Level 14.6 Stealth
 - Level 6.4 Shields
 + Level 5.1 Spellcasting
 - Level 4.4 Translocations
 + Level 1.3 Evocations


You had 19 spell levels left.
You knew the following spells:

 Your Spells              Type           Power        Failure   Level  Hunger
a - Magic Dart            Conj           #...         9%          1    None
b - Blink                 Tloc           N/A          1%          2    ##.....


Dungeon Overview and Level Annotations

Branches:
Dungeon (12/15)            Temple (1/1) D:4            Lair (6/6) D:11
 Shoals (0/4) Lair:4        Snake (0/4) Lair:3        Slime (0/5) Lair:6
    Orc (0/2) D:12

Altars:
Cheibriados
Elyvilon
Fedhas
Gozag
Hepliaklqana
Kikubaaqudgha
Makhleb
Nemelex Xobeh
Okawaru
Qazlal
Ru
Sif Muna
Trog
Uskayaw
Vehumet
Xom
Yredelemnul
Zin
The Shining One
Jiyva

Shops:
D:8 *   D:9 }   D:11 [   D:12 =

Portals:
Trove: D:10 (give 8 potions of agility)

Annotations:
D:9 Gastronok
Lair:1 exclusion: oklob plant
Lair:5 p0werm0de's ghost, journeyman DsBe


Innate Abilities, Weirdness & Mutations

You are very small and have problems with some larger weapons.
You are too small for most types of armour.
You have supernaturally acute eyesight. (SInv)
You are a herbivore.
You cover ground extremely quickly.
You need consume almost no food.


Message History

The spiny frog stings you!!
* * * LOW HITPOINT WARNING * * *
You are too injured to fight recklessly!
You are too injured to fight recklessly!
You are too injured to fight recklessly!
You are too injured to fight recklessly!
You are too injured to fight recklessly!
You are too injured to fight recklessly!
You are too injured to fight recklessly!
You are too injured to fight recklessly!
You are too injured to fight recklessly!
You are too injured to fight recklessly!
You are too injured to fight recklessly!
You are too injured to fight recklessly!
You are too injured to fight recklessly!
You are too injured to fight recklessly!
You are too injured to fight recklessly!
You feel sick. The spiny frog stings you!
You die...
Your body crumbles into a pile of gold.

## ## ##.##.## ## ## ## #
...#...##.#.##.###.###.#
........................
........................
..#........P##.PF..##P..
..........).....@.......
...#.#..#..PP.#PF.......
.........................
..P...[..#PP#.......P##.#
........................#
.#..##...............#..#
......F...P.............##
.......#.PPP....#.....P..#
........................##


You could see 2 spiny frogs.

Vanquished Creatures
  Harold (Lair:2)
  6 hydras
  A vault guard (D:10)
  2 two-headed ogres (D:12)
  Urug (Lair:2)
  Sonja (D:10)
  An ugly thing (D:12)
  2 manticores (D:11)
  2 elephants (Lair:4)
  2 cyclopes
  A merfolk siren (Lair:4)
  A gargoyle (D:11)
  4 black mambas
  8 spiny frogs
  5 komodo dragons
  2 rime drakes
  2 trolls (D:12)
  2 polar bears (Lair:4)
  3 slime creatures
  23 blink frogs
  7 hippogriffs
  7 yaks
  A human (D:6)
  A steam dragon (Lair:2)
  3 wyverns
  5 basilisks
  3 hogs
  3 wargs (D:11)
  3 nagas (Lair:3)
  9 water moccasins
  7 porcupines
  7 orc warriors
  2 black bears
  A sky beast (D:5)
  An eye of draining (D:12)
  An ice beast (D:10)
  4 phantoms
  6 centaurs
  11 ogres
  5 wolves
  3 necrophages
  10 crocodiles
  4 big kobolds
  18 bullfrogs
  2 scorpions
  8 killer bees
  12 wights
  2 howler monkeys (D:10)
  A bullfrog zombie (D:12)
  3 crimson imps
  A bullfrog skeleton (D:10)
  12 orc wizards
  A centaur skeleton (D:9)
  8 orc priests
  3 gnoll shamans (D:8)
  5 hounds
  A jelly (D:11)
  6 iguanas
  A worker ant (D:5)
  2 hound skeletons
  3 worker ant zombies
  9 gnolls
  12 adders
  2 shadow imps
  An adder skeleton (D:7)
  An adder zombie (D:8)
  3 worms
  4 dart slugs
  10 leopard geckos
  42 orcs
  3 ball pythons
  2 giant cockroaches
  2 gnoll zombies (D:4)
  4 goblins
  9 hobgoblins
  2 jackals (D:5)
  28 kobolds
  3 quokkas
  9 bats
  4 frilled lizards
  A leopard gecko zombie (D:8)
  6 rats
420 creatures vanquished.

Vanquished Creatures (others)
  A minotaur (Lab)
  13 fungi
  5 plants
19 creatures vanquished.

Grand Total: 439 creatures vanquished

Notes
Turn   | Place    | Note
-------+----------+-------------------------------------------
     0 | D:1      | Ijustatesigmund the Spriggan Assassin began the quest for the Orb.
     0 | D:1      | Reached XP level 1. HP: 10/10 MP: 2/2
     5 | D:1      | Reached skill level 6 in Stealth
   318 | D:1      | Reached XP level 2. HP: 14/14 MP: 3/3
   439 | D:1      | Found a glowing golden altar of the Shining One.
   604 | D:1      | Reached XP level 3. HP: 10/18 MP: 4/4
  1497 | D:2      | Found a radiant altar of Vehumet.
  1520 | D:2      | Reached skill level 7 in Stealth
  1525 | D:2      | Reached XP level 4. HP: 20/22 MP: 5/5
  1648 | D:2      | Found a faded altar of an unknown god.
  2531 | D:3      | Found a white marble altar of Elyvilon.
  2765 | D:4      | Reached XP level 5. HP: 13/26 MP: 6/6
  3014 | D:4      | Learned a level 1 spell: Magic Dart
  3017 | D:4      | Learned a level 2 spell: Blink
  3127 | D:4      | Found a staircase to the Ecumenical Temple.
  3136 | Temple   | Entered the Ecumenical Temple
  3220 | D:4      | Reached skill level 1 in Spellcasting
  3220 | D:4      | Reached skill level 1 in Translocations
  3792 | D:4      | Found a basalt altar of Yredelemnul.
  3855 | D:4      | Found an opulent altar of Gozag.
  3867 | D:4      | Became a worshipper of Gozag Ym Sagoz the Greedy
  4305 | D:5      | Entered Level 5 of the Dungeon
  4329 | D:5      | Reached XP level 6. HP: 30/30 MP: 10/10
  5604 | D:6      | Reached XP level 7. HP: 21/34 MP: 13/13
  5606 | D:6      | Reached skill level 8 in Stealth
  5779 | D:5      | Reached skill level 5 in Short Blades
  5901 | D:6      | Reached skill level 9 in Stealth
  6162 | D:6      | Reached skill level 10 in Stealth
  6162 | D:6      | Reached XP level 8. HP: 39/39 MP: 14/14
  6907 | D:7      | Got a crude buckler
  6913 | D:7      | Identified the +2 buckler of Nemelex Xobeh {rElec rN++ MR+ MP-9} (You found it on level 7 of the Dungeon)
  7245 | D:7      | Reached skill level 1 in Shields
  7347 | D:7      | Reached skill level 5 in Dodging
  8404 | D:7      | Reached XP level 9. HP: 32/42 MP: 6/15
  9427 | D:8      | Found Mynkahu's General Store.
  9430 | D:8      | Bought a scroll of identify for 24 gold pieces
  9430 | D:8      | Bought 2 potions of heal wounds for 120 gold pieces
  9430 | D:8      | Bought a +5 blowgun for 354 gold pieces
 10124 | D:8      | Found a blossoming altar of Fedhas.
 10692 | D:8      | Reached XP level 10. HP: 46/46 MP: 7/16
 11467 | D:9      | Found a sacrificial altar of Ru.
 12023 | D:9      | Found Zalloud's Gadget Shop.
 12088 | D:9      | Reached skill level 10 in Dodging
 12092 | D:9      | Noticed Gastronok
 12277 | D:10     | Entered Level 10 of the Dungeon
 13154 | D:10     | Noticed Sonja
 13158 | D:10     | Killed Sonja
 13194 | D:10     | Noticed a vault guard
 13197 | D:10     | Killed a vault guard
 13197 | D:10     | Reached skill level 5 in Fighting
 13201 | D:10     | Found a portal to a secret trove of treasure.
 13640 | D:11     | Reached XP level 11. HP: 56/56 MP: 8/17
 13858 | D:11     | Found a staircase to the Lair.
 14127 | D:11     | Found Kuwkal's Antique Armour Emporium.
 14209 | D:11     | Identified a scroll of acquirement
 14424 | D:12     | Noticed a red ugly thing
 14443 | D:12     | Killed a red ugly thing
 15615 | D:12     | Found Nirphes's Jewellery Boutique.
 15638 | D:12     | Found a staircase to the Orcish Mines.
 15663 | D:12     | Noticed a two-headed ogre
 15763 | D:12     | Killed a two-headed ogre
 15818 | D:12     | Bought a +6 amulet of reflection for 760 gold pieces
 15938 | D:12     | Noticed a six-headed hydra
 15944 | D:12     | Killed a six-headed hydra
 16136 | D:12     | Noticed a two-headed ogre
 16143 | D:12     | Killed a two-headed ogre
 16143 | D:12     | Reached skill level 10 in Fighting
 16283 | D:12     | Noticed a five-headed hydra
 16613 | Lair:1   | Entered Level 1 of the Lair of Beasts
 16995 | Lair:1   | Reached XP level 12. HP: 65/68 MP: 9/18
 18108 | Lair:2   | Noticed Harold
 18115 | Lair:2   | Killed Harold
 18375 | Lair:2   | Noticed a four-headed hydra
 18378 | Lair:2   | Noticed Urug
 18423 | Lair:3   | Noticed a five-headed hydra
 18428 | Lair:3   | Killed a five-headed hydra
 18801 | Lair:3   | Found a staircase to the Snake Pit.
 19097 | Lair:3   | Reached skill level 5 in Shields
 19357 | Lair:2   | Killed a four-headed hydra
 20494 | Lair:2   | Killed Urug
 21067 | Lair:3   | Noticed an eight-headed hydra
 21867 | Lair:4   | Found a labyrinth entrance.
 21930 | Lab      | Entered a labyrinth
 22196 | Lab      | Noticed a minotaur
 22214 | Lab      | Killed a minotaur
 22214 | Lab      | Reached XP level 13. HP: 56/74 MP: 10/19
 22234 | Lab      | Got a steaming lapis lazuli ring
 22240 | Lab      | Identified the ring "Niphigic" {*Tele Stlth+} (You found it in a labyrinth)
 22301 | Lair:4   | Reached skill level 11 in Stealth
 22533 | Lair:5   | Noticed p0werm0de's ghost (journeyman DsBe)
 22853 | Lair:4   | Reached skill level 12 in Stealth
 23214 | Lair:4   | Found a staircase to the Shoals.
 23432 | Lair:5   | Reached skill level 13 in Stealth
 23561 | Lair:6   | Entered Level 6 of the Lair of Beasts
 23561 | Lair:6   | Found a staircase to the Slime Pits.
 23561 | Lair:6   | Found a viscous altar of Jiyva.
 24079 | Lair:6   | Reached skill level 14 in Stealth
 25660 | Lair:4   | Reached skill level 10 in Short Blades
 26175 | Lair:5   | Reached skill level 5 in Spellcasting
 26272 | Lair:5   | Reached skill level 1 in Evocations
 26553 | Lair:5   | Slain by a spiny frog

Skill      XL: |  1  2  3  4  5  6  7  8  9 10 11 12 13 |
---------------+----------------------------------------+-----
Stealth        | 6 7 10 14 | 14.6
Dodging        | 2 3 6 8 10 12 | 12.7
Short Blades   | 3 4 6 7 9 10 | 10.2
Spellcasting   | 2 3 5 |  5.1
Translocations | 2 4 |  4.4
Shields        | 2 3 4 6 |  6.4
Throwing       | 3 4 |  4.9
Fighting       | 6 10 11 | 11.7
Evocations     | 1 |  1.3

Action                   |  1- 3 |  4- 6 |  7- 9 | 10-12 | 13-15 || total
-------------------------+-------+-------+-------+-------+-------++-------
Melee: Dagger            |   113 |   239 |   618 |  1590 |   859 ||  3419
 Fire: Blowgun           |    17 |     7 |    54 |   132 |       ||   210
 Cast: Blink             |       |       |       |     1 |       ||     1
Invok: Potion Petition   |       |       |     1 |       |       ||     1
Evoke: Wand              |       |     3 |     2 |    25 |     2 ||    32
  Use: Scroll            |       |     9 |     6 |    21 |     4 ||    40
       Potion            |       |       |       |     2 |       ||     2
 Stab: Sleeping          |    10 |    18 |    17 |    46 |    17 ||   108
       Distracted        |     1 |     2 |     4 |    18 |     7 ||    32
       Paralysed         |       |       |       |       |     1 ||     1
  Eat: Royal jelly       |       |     1 |     3 |     2 |       ||     6
       Fruit             |       |       |       |     9 |     6 ||    15
Armor: Robe              |     6 |    26 |    28 |    35 |    22 ||   117
Dodge: Dodged            |    73 |   174 |   278 |   604 |   399 ||  1528
Block: Buckler           |       |       |   142 |   637 |   545 ||  1324
       Reflection        |       |       |       |     4 |       ||     4
